Map: 2000 Atmospheres LE

Players

MysteryMan

  • Race: Zerg Zerg

Nice - Winner!

  • Race: Protoss Protoss

Event: DreamHack SC2 Masters 2021 Fall

VOD

Have the link to the VOD?

Description

Time

  • Played on: July 28, 2021, 7:22 a.m.
  • Length: 8:41

All games in this series

Show
View Real Time Build Order
Export as new Build Order

MysteryMan Zerg 

Build Orders: Hatch First 

Get SALT Encoding   

  12  0:00  Drone  
  13  0:12  Overlord  
  13  0:16  Drone  
  14  0:30  Drone x2  
  16  0:50  Hatchery  
  16  0:51  Drone  
  16  0:54  Drone  
  17  0:57  Drone  
  18  1:08  Extractor  
  17  1:13  Spawning Pool  
  17  1:17  Drone  
  17  1:20  Drone  
  18  1:27  Drone  
  19  1:38  Drone  
  20  1:48  Overlord  
  20  2:00  Queen  
  22  2:02  Queen  
  22  2:03  Zergling x4  
  26  2:09  Metabolic Boost  
  26  2:12  Drone  
  27  2:15  Drone  
  27  2:22  Drone  
  29  2:24  Drone  
  30  2:33  Drone  
  31  2:42  Hatchery  
  30  2:47  Queen  
  30  2:50  Drone  
  33  2:55  Overlord  
  33  2:57  Zergling x2  
  34  3:02  Spore Crawler  
  34  3:05  Drone  
  33  3:07  Drone  
  33  3:11  Drone  
  36  3:15  Drone x2  
  36  3:16  Drone x2  
  36  3:19  Overlord  
  40  3:27  Zergling x2  
  39  3:34  Spore Crawler  
  39  3:35  Drone x2  
  39  3:40  Queen  
  42  3:42  Drone  
  42  3:45  Overlord  
  43  3:49  Drone x2  
  43  3:50  Drone  
  43  3:55  Drone  
  47  3:58  Queen  
  49  4:03  Spore Crawler  
  49  4:06  Drone x3  
  50  4:11  Drone x3  
  50  4:15  Overlord  
  53  4:19  Drone x2  
  53  4:20  Drone  
  56  4:24  Overlord  
  56  4:27  Evolution Chamber  
  55  4:32  Overlord  
  55  4:34  Drone x3  
  58  4:39  Overlord  
  58  4:40  Drone x2  
  58  4:42  Drone  
  61  4:49  Baneling Nest  
  59  4:53  Spore Crawler  
  59  4:54  Zergling x6  
  59  4:59  Zerg Melee Weapons Level 1  
  61  5:00  Drone x2  
  61  5:01  Lair  
  61  5:03  Drone  
  61  5:04  Drone  
  65  5:09  Drone x4  
  65  5:10  Drone  
  65  5:14  Overlord  
  69  5:16  Drone  
  69  5:17  Drone x2  
  71  5:22  Drone x2  
  71  5:29  Drone x2  
  71  5:33  Extractor x2, Drone x2  
  71  5:34  Drone  
  74  5:36  Extractor x2, Drone  
  74  5:41  Drone x3  
  76  5:44  Drone x4, Hatchery  
  76  5:47  Queen  
  81  5:51  Drone  
  81  5:58  Overlord  
  81  6:00  Drone  
  81  6:01  Extractor  
  81  6:03  Queen  
  83  6:08  Drone  
  83  6:09  Drone  
  83  6:11  Overlord x2, Spire  
  84  6:13  Drone x2  
  84  6:14  Drone x2  
  89  6:21  Hatchery, Drone  
  89  6:22  Overlord  
  89  6:28  Queen  
  89  6:31  Overlord  
  91  6:36  Drone x2  
  91  6:37  Drone x5  
  91  6:38  Drone x2  
  100  6:45  Overlord  
  100  6:48  Drone x5  
  100  6:49  Infestation Pit  
  104  6:56  Centrifical Hooks  
  104  6:59  Overlord x2  
  104  7:00  Overlord  
  104  7:05  Extractor  
  104  7:07  Extractor  
  102  7:13  Drone  
  102  7:19  Overlord  
  102  7:20  Overseer  
  102  7:24  Pneumatized Carapace  
  102  7:30  Corruptor x6  
  102  7:33  Overseer  
  113  7:38  Corruptor  
  113  7:44  Overlord  
  115  7:49  Overlord  
  115  7:51  Corruptor  
  115  7:54  Zergling x10  
  115  7:55  Zergling x2  
  115  7:56  Zergling x2  
  115  7:57  Zergling x14  
  131  8:06  Corruptor x2  
  131  8:07  Corruptor, Hatchery  
  136  8:18  Zergling x12  
Show
View Real Time Build Order
Export as new Build Order

Nice Protoss - Winner!

Build Orders: 1 Gate Expand, Oracle Opening, Zealot Archon 

Get SALT Encoding   

  12  0:00  Probe  
  13  0:12  Probe  
  14  0:19  Pylon  
  14  0:24  Probe  
  15  0:37  Probe (Chrono Boost)  
  15  0:40  Gateway  
  16  0:49  Probe (Chrono Boost)  
  17  0:50  Assimilator  
  17  0:54  Probe (Chrono Boost)  
  18  1:03  Probe  
  19  1:16  Probe  
  20  1:27  Nexus  
  20  1:36  Cybernetics Core  
  20  1:42  Assimilator  
  20  1:43  Probe  
  21  1:52  Pylon  
  21  1:55  Probe  
  22  2:07  Probe (Chrono Boost)  
  23  2:09  Adept (Chrono Boost)  
  25  2:20  Probe (Chrono Boost)  
  26  2:23  Stargate  
  26  2:26  Probe (Chrono Boost)  
  27  2:32  Adept  
  27  2:34  Warp Gate  
  30  2:39  Probe (Chrono Boost)  
  30  2:41  Probe (Chrono Boost)  
  31  2:50  Probe (Chrono Boost)  
  33  2:52  Probe (Chrono Boost)  
  33  2:55  Probe (Chrono Boost)  
  34  3:00  Probe  
  34  3:02  Adept  
  37  3:08  Oracle (Chrono Boost)  
  37  3:09  Probe  
  37  3:12  Pylon, Probe  
  42  3:22  Probe  
  42  3:23  Gateway  
  42  3:25  Probe  
  44  3:34  Probe  
  45  3:36  Void Ray (Chrono Boost)  
  45  3:37  Probe  
  45  3:39  Pylon  
  46  3:46  Probe  
  46  3:48  Assimilator  
  51  3:49  Probe  
  51  3:50  Assimilator  
  52  3:56  Pylon  
  52  3:58  Probe  
  52  4:00  Pylon  
  52  4:01  Probe  
  54  4:06  Void Ray  
  54  4:10  Probe  
  59  4:19  Probe  
  59  4:23  Pylon  
  60  4:25  Pylon, Probe  
  60  4:29  Stargate  
  61  4:37  Nexus  
  61  4:40  Pylon  
  61  4:42  Probe  
  61  4:43  Probe  
  63  4:52  Void Ray  
  63  4:54  Probe  
  63  4:55  Probe  
  69  5:01  Shield Battery  
  69  5:06  Probe  
  70  5:07  Pylon, Probe  
  70  5:08  Void Ray  
  75  5:18  Probe  
  75  5:19  Probe  
  73  5:29  Forge  
  73  5:30  Probe (Chrono Boost)  
  73  5:32  Probe (Chrono Boost)  
  73  5:33  Twilight Council  
  73  5:34  Robotics Facility  
  75  5:39  Sentry  
  75  5:40  Sentry  
  75  5:41  Probe (Chrono Boost)  
  81  5:42  Probe (Chrono Boost)  
  81  5:44  Shield Battery  
  81  5:47  Probe (Chrono Boost)  
  81  5:49  Probe (Chrono Boost)  
  83  5:51  Probe (Chrono Boost)  
  85  6:00  Assimilator  
  85  6:01  Probe x2 (Chrono Boost)  
  85  6:02  Probe (Chrono Boost)  
  87  6:04  Gateway  
  87  6:05  Gateway  
  87  6:07  Protoss Ground Weapons Level 1 (Chrono Boost), Pylon  
  87  6:08  Probe  
  87  6:10  Charge (Chrono Boost)  
  88  6:11  Probe x2  
  90  6:21  Gateway  
  90  6:22  Gateway  
  90  6:24  Gateway  
  90  6:30  Assimilator  
  90  6:33  Observer (Chrono Boost)  
  90  6:35  Gateway, Sentry, Zealot  
  90  6:38  Templar Archives  
  90  6:39  Shield Battery  
  95  6:44  Photon Cannon  
  95  6:45  Observer (Chrono Boost)  
  95  6:48  Photon Cannon x2  
  95  6:53  Photon Cannon  
  96  7:06  Nexus  
  96  7:07  Probe x3  
  99  7:10  Pylon, Warp Prism (Chrono Boost)  
  99  7:13  Pylon  
  101  7:18  High Templar x4  
  101  7:21  Observer, Probe x3  
  112  7:22  Archon  
  112  7:23  Archon  
  112  7:28  High Templar  
  112  7:29  Zealot x3  
  117  7:35  Photon Cannon  
  117  7:44  Probe x3  
  119  7:48  Photon Cannon  
  119  7:49  High Templar  
  119  7:50  Shield Battery, High Templar  
  123  7:51  High Templar  
  123  7:52  Zealot x3  
  123  7:55  Archon  
  123  7:56  Archon, Probe  
  132  8:00  Probe x2  
  134  8:07  Zealot  
  134  8:08  Zealot, Probe  
  135  8:31  Zealot x8  

Tags
 
Add a new tag
Caveats
  • Supply blocks, unpowered buildings, or Contaminate may cause inaccurate times.
  • Supply counts are checked every 10 seconds.